 Dungeon Crawl Stone Soup version 0.28-a0-941-g140ffa10cf (webtiles) character file.

Game seed: 15728008571292583085

42 night the Firebug (level 3, 0/28 HPs)
             Began as a Hill Orc Fire Elementalist on Nov 29, 2021.
             Slain by a hound (4 damage)
             ... on level 2 of the Dungeon.
             The game lasted 00:03:05 (1811 turns).

night the Firebug (Hill Orc Fire Elementalist)      Turns: 1811, Time: 00:03:06

Health: 0/28       AC:  2    Str: 10    XL:     3   Next: 54%
Magic:  1/6        EV: 16    Int: 16    God:
Gold:   45         SH:  0    Dex: 11    Spells: 3/6 levels left

rFire   . . .      SeeInvis .   c - +0 flail
rCold   . . .      Faith    .   (no shield)
rNeg    . . .      Spirit   .   a - +0 robe
rPois   .          Reflect  .   (no helmet)
rElec   .          Harm     .   (no cloak)
rCorr   .          Rampage  .   (no gloves)
Will    .....                   (no boots)
Stlth   ++........              (no amulet)
HPRegen 0.09/turn               i - +4 ring of evasion
MPRegen 0.10/turn               (no ring)

@: no status effects
A: no striking features
a: no special abilities


You were on level 2 of the Dungeon.
You visited 1 branch of the dungeon, and saw 3 of its levels.

You collected 45 gold pieces.

Inventory:

Hand Weapons
 c - a +0 flail (weapon)
Missiles
 d - 38 stones
 e - 6 boomerangs
 j - 22 sling bullets
 k - 16 bolts
 l - 31 arrows
 m - 8 poisoned darts
 n - 6 curare-tipped darts
Armour
 a - a +0 robe (worn)
Jewellery
 g - a +6 ring of dexterity
 i - a +4 ring of evasion (left hand)
Scrolls
 b - 2 scrolls of identify
 f - a scroll of teleportation
Potions
 h - 2 potions of haste


   Skills:
 + Level 1.6 Fighting
 - Level 1.5 Dodging
 - Level 1.5 Stealth
 + Level 2.0 Spellcasting
 + Level 1.8 Conjurations
 + Level 3.7 Fire Magic


You had 3 spell levels left.
You knew the following spells:

 Your Spells              Type           Power      Damage    Failure   Level
a - Foxfire               Conj/Fire      40%        2x1d6     7%          1
b - Scorch                Fire           26%        2d6       7%          2

Your spell library contained the following spells:

 Spells                   Type           Power      Damage    Failure   Level
 Conjure Flame            Conj/Fire      10%        6-21      21%         3
 Inner Flame              Hex/Fire       7%         N/A       28%         3
 Flame Wave               Conj/Fire      10%        2d5       54%         4


Dungeon Overview and Level Annotations

Branches:
Dungeon (3/15)

Altars:


Message History

The hound bites you.
Casting: Foxfire (safe; 7% risk of failure)
Confirm with . or Enter, or press ? or * to list all spells.
You conjure some foxfire!
The hound bites you.
The foxfire hits the orc.
The orc is heavily wounded.
The hound bites you.
Unknown command.
The foxfire hits the orc.
The orc is almost dead.
The hound barely misses you. x2
The hound misses you.
You aren't carrying any items that you can evoke.
You closely miss the hound. The hound bites you but does no damage.
The hound bites you.
You barely miss the hound. The hound barely misses you.
The hound closely misses you.
You barely miss the hound. The hound closely misses you.
The hound bites you but does no damage.
Casting: Foxfire (safe; 7% risk of failure)
Confirm with . or Enter, or press ? or * to list all spells.
You conjure some foxfire!
The hound bites you but does no damage. The hound bites you.
* * * LOW HITPOINT WARNING * * *
Unknown command.
The foxfire hits the hound.
The hound is lightly wounded.
The foxfire hits the hound.
The hound is moderately wounded.
The hound bites you.
* * * LOW HITPOINT WARNING * * *
The hound bites you but does no damage.
The hound pauses to sniff the ground.
The hound bites you.
* * * LOW HITPOINT WARNING * * *
The hound bites you.
* * * LOW HITPOINT WARNING * * *
You sock the hound!
The hound is severely wounded.
The hound bites you.
You die...

# #.....#..†...........#####.
#######.#<#.#..#.##.###...)>.....
##.............#.##.# #..#######.
##.####.#.#.#..#.##.###..#### #.
##.# #.....#...............# #.
##.# ###.#.##.#.##.#######.# #.
##.# #.#.##.#.##.# #.# #.
##.######.#.##.#.##.#######.# #.
................@ho.##...##[####.
..........####.#.####.###..[.....
...............#.###.## ##..#####
.#.#############.....# #..# #
.#.# #####.## ##..# ### .#.#
##.###.#.###.. .#.# ##...##......
.#.# ##.......... .#.#######
#.###..##..


You could see a hound and an orc.

Vanquished Creatures
  2 orcs
  3 ball pythons
  7 bats
  5 endoplasms
  A giant cockroach (D:2)
  2 hobgoblins (D:2)
  2 kobolds (D:1)
  2 quokkas (D:1)
  2 frilled lizards
  5 goblins (D:1)
  3 rats
34 creatures vanquished.

Vanquished Creatures (others)
  83 foxfires
83 creatures vanquished.

Grand Total: 117 creatures vanquished

Notes
Turn   | Place    | Note
-------+----------+-------------------------------------------
     0 | D:1      | night the Hill Orc Fire Elementalist began the quest for
                  | the Orb.
     0 | D:1      | Reached XP level 1. HP: 14/14 MP: 3/3
   187 | D:1      | Reached XP level 2. HP: 22/22 MP: 2/4
   312 | D:1      | Learned a level 2 spell: Scorch
   525 | D:1      | Reached skill level 1 in Fighting
   929 | D:1      | Reached XP level 3. HP: 28/28 MP: 1/5
  1778 | D:3      | Reached skill level 2 in Spellcasting
  1810 | D:2      | HP: 4/28 [hound (1)]
  1811 | D:2      | Slain by a hound

Illustrated notes

Levels and vault maps discovered:
D:1:      lemuel_arrival_broad_hall, layout_basic, moated_statue
D:2:      layout_loops_ring
D:3:      layout_basic, minitemple, shapermc_ecumenical_altar_mp_vishouse,
          uniq_terence

Skill      XL: |  1  2  3 |
---------------+----------+-----
Fighting       | 1 |  1.6
Spellcasting   | 2 |  2.0
Dodging        | |  1.5
Stealth        | |  1.5
Conjurations   | |  1.8
Fire Magic     | |  3.7

Action                   || total
-------------------------++-------
Melee: Flail             ||    22
 Cast: Foxfire           ||    48
  Use: Scroll            ||     4
 Stab: Sleeping          ||     2
Armor: Robe              ||     6
Dodge: Dodged            ||    34

Table legend: (Time is in decaauts)
 A = Elapsed time spent in this place.
 B = Non-inter-level travel time spent in this place.
 C = Inter-level travel time spent in this place.
 D = Time resting spent in this place.
 E = Time spent auto-exploring this place.
 F = Levels seen in this place.
 G = Mean time per level.
                   A        B        C        D        E       F      G
               +--------+--------+--------+--------+--------+-----+--------+
         Total |   1818 |   1774 |     44 |     31 |   1503 |   3 |  606.0 |
       Dungeon |   1818 |   1774 |     44 |     31 |   1503 |   3 |  606.0 |
               +--------+--------+--------+--------+--------+-----+--------+

Top non-repeatable levels by time:
     D:1: 988 daAuts
     D:2: 814 daAuts
     D:3: 15 daAuts
